 Dungeon Crawl Stone Soup version 0.16-a0-3544-gf6bfca6 (webtiles) character file.

1876 Gronka the Blocker (level 8, -5/70 HPs)
             Began as a Minotaur Fighter on Jan 9, 2015.
             Was a Believer of Zin.
             Slain by a warg (6 damage)
             ... on level 7 of the Dungeon.
             The game lasted 00:28:06 (6004 turns).

Gronka the Blocker (Minotaur Fighter)               Turns: 6004, Time: 00:28:06

Health: -5/70      AC: 10    Str: 21    XL:     8   Next: 91%
Magic:  3/3        EV:  8    Int:  7    God:    Zin [**....]
Gold:   278        SH: 11    Dex: 13    Spells: 0 memorised, 7 levels left

rFire  . . .     SeeInvis .     i - +1 spear (freeze)
rCold  . . .     Clarity  .     y - +0 chain mail
rNeg   + . .     SustAb   .     c - +0 shield
rPois  ∞         Gourm    .     (helmet restricted)
rElec  .         Spirit   .     (no cloak)
rCorr  .         Warding  +     (no gloves)
rMut   .         Stasis   .     (no boots)
MR     +....                    s - amulet of warding
Stlth  ..........               (no ring)
                                n - ring of protection from magic

@: vitalised, somewhat resistant to hostile enchantments, extremely unstealthy
A: retaliatory headbutt, horns 2
a: Recite, Vitalisation, Renounce Religion


You were on level 7 of the Dungeon.
You worshipped Zin.
Zin was pleased with you.
You were not hungry.

You visited 2 branches of the dungeon, and saw 8 of its levels.

You collected 308 gold pieces.
You donated 30 gold pieces to Zin.

Inventory:

Hand weapons
 a - a +0 trident
 i - a +1 spear of freezing (weapon)
 B - a +0 scythe
Armour
 b - a +0 scale mail
 c - a +0 shield (worn)
 f - a +0 chain mail
 y - a +0 chain mail (worn)
Jewellery
 n - a ring of protection from magic (left hand)
 s - an amulet of warding (around neck)
 v - an uncursed amulet of rage
Scrolls
 g - 2 scrolls of identify
 h - 3 scrolls of magic mapping
 j - 5 scrolls of teleportation
 l - 2 scrolls of enchant armour {unknown}
 o - a scroll of random uselessness {unknown}
 p - 3 scrolls of blinking {unknown}
 q - a scroll of recharging {unknown}
 r - a scroll of enchant weapon {unknown}
 t - 3 scrolls of remove curse {unknown}
Potions
 x - a potion of brilliance {unknown}
 z - a potion of restore abilities {unknown}
 C - a potion of curing {unknown}
Books
 u - a Young Poisoner's Handbook

   Spells                             Type                      Level
   a - Sting                          Conjuration/Poison           1
   b - Cure Poison                    Poison                       2
   c - Mephitic Cloud                 Conjuration/Poison/Air       3
   d - Olgreb's Toxic Radiance        Poison                       4
   e - Venom Bolt                     Conjuration/Poison           5
Comestibles
 d - 3 bread rations
 w - 3 meat rations
 A - 3 beef jerkies


   Skills:
 + Level 6.2 Fighting
 + Level 6.7 Polearms
 + Level 0.8 Throwing
 + Level 7.3 Armour
 + Level 3.6 Dodging
 + Level 1.1 Stealth
 + Level 8.6 Shields
 + Level 0.2 Evocations


You had 7 spell levels left.
You didn't know any spells.

Dungeon Overview and Level Annotations

Branches:
Dungeon (7/15)             Temple (1/1) D:4

Altars:
Ashenzari
Dithmenos
Elyvilon
Kikubaaqudgha
Makhleb
Nemelex Xobeh
Okawaru
Qazlal
Ru
Sif Muna
Trog
Vehumet
Xom
Yredelemnul
Zin
The Shining One

Annotations:
D:6 Ijyb


Innate Abilities, Weirdness & Mutations

You reflexively headbutt those who attack you in melee.
You have a pair of horns on your head.


Message History

The warg is heavily wounded.
The warg bites you but does no damage.
You hit the warg but do no damage. Your headbutt misses the warg.
The warg is heavily wounded.
The warg closely misses you.
You puncture the warg! You freeze the warg.
The warg is almost dead.
You block the warg's attack. The warg barely misses you.
You hit the warg but do no damage.
The warg is severely wounded.
The warg bites you!
* * * LOW HITPOINT WARNING * * *
You hit the warg but do no damage.
The warg is severely wounded.
The warg bites you.
* * * LOW HITPOINT WARNING * * *
You hit the warg but do no damage. You headbutt the warg.
The warg is almost dead.
The warg bites you.
You die...

..'...............#
#...........#
###...............#
#...........# #...............#
#...........#
#...............###...........#
###########......##.)...>.....#
#......##...........#
#......##..†..).....#
#.#######...........#
#...@ho.....#########
#########.### ..ho.h...o..o....
≈≈≈≈≈.!..≈≈≈h≈≈ ≈≈≈≈≈....≈≈≈≈≈≈
≈≈≈≈≈....≈≈≈≈≈≈ .............
###++++####


You could see a warg and an orc.

Vanquished Creatures
  Eustachio (D:6)
  2 wargs (D:7)
  An ice beast (D:6)
  An ogre (D:4)
  A phantom (D:5)
  Sigmund (D:6)
  Duvessa (D:6)
  5 wights (D:6)
  A scorpion (D:4)
  Dowan (D:6)
  5 crimson imps
  A giant frog skeleton (D:5)
  2 orc priests (D:5)
  A hound (D:4)
  A centaur skeleton (D:3)
  An iron imp (D:6)
  A quasit (D:6)
  An orc wizard (D:5)
  3 worker ants
  2 iguanas (D:6)
  A hound zombie (D:6)
  Terence (D:3)
  A hound skeleton (D:4)
  6 adders
  7 river rats
  15 gnolls
  4 shadow imps
  2 ufetubi (D:6)
  3 worms
  3 adder skeletons (D:4)
  2 giant geckos
  An ooze (D:6)
  8 orcs
  2 ball pythons
  21 bats
  2 bat zombies
  7 giant cockroaches
  10 hobgoblins
  8 jackals
  14 kobolds
  7 quokkas
  A giant gecko skeleton (D:6)
  3 giant newts
  9 goblins
  A goblin skeleton (D:7)
  A goblin zombie (D:7)
  2 kobold skeletons (D:7)
  A kobold zombie (D:7)
  An orc skeleton (D:7)
  An orc zombie (D:7)
  9 rats
187 creatures vanquished.

Vanquished Creatures (others)
  A hobgoblin (D:3)
  A plant (D:4)
2 creatures vanquished.

Grand Total: 189 creatures vanquished

Notes
Turn   | Place    | Note
--------------------------------------------------------------
     0 | D:1      | Gronka, the Minotaur Fighter, began the quest for the Orb.
     0 | D:1      | Reached XP level 1. HP: 19/19 MP: 1/1
    88 | D:1      | Reached XP level 2. HP: 18/27 MP: 1/1
   130 | D:1      | Reached skill level 4 in Fighting
   616 | D:2      | Reached XP level 3. HP: 33/33 MP: 2/2
  1354 | D:3      | Reached XP level 4. HP: 40/40 MP: 2/2
  1394 | D:3      | Reached skill level 1 in Dodging
  1547 | D:3      | Found a sparkling altar of Nemelex Xobeh.
  1784 | D:3      | Reached XP level 5. HP: 32/46 MP: 2/2
  1837 | D:3      | Noticed Terence
  1848 | D:3      | Killed Terence
  2515 | D:4      | Reached skill level 5 in Armour
  2548 | D:4      | Found a bloodstained altar of Trog.
  2685 | D:4      | Noticed an ogre
  2690 | D:4      | Killed an ogre
  2690 | D:4      | Reached skill level 5 in Shields
  2690 | D:4      | Reached XP level 6. HP: 24/53 MP: 3/3
  3128 | D:4      | Found a white marble altar of Elyvilon.
  3618 | D:4      | Found a staircase to the Ecumenical Temple.
  3629 | Temple   | Entered the Ecumenical Temple
  3750 | Temple   | Became a worshipper of Zin the Law-Giver
  3750 | Temple   | Acquired Zin's first power
  4027 | D:4      | Found a burning altar of Makhleb.
  4156 | D:5      | Entered Level 5 of the Dungeon
  4251 | D:5      | Reached XP level 7. HP: 36/60 MP: 3/3
  4368 | D:5      | Reached skill level 6 in Armour
  4447 | D:5      | Reached skill level 1 in Stealth
  4457 | D:5      | Reached skill level 5 in Fighting
  4542 | D:5      | Reached skill level 5 in Polearms
  4692 | D:5      | Acquired Zin's second power
  5183 | D:6      | Reached XP level 8. HP: 38/70 MP: 3/3
  5224 | D:6      | Found a stormy altar of Qazlal.
  5232 | D:6      | Noticed Sigmund
  5244 | D:6      | Killed Sigmund
  5261 | D:6      | Reached skill level 7 in Shields
  5301 | D:6      | Noticed Duvessa
  5308 | D:6      | Killed Duvessa
  5309 | D:6      | Noticed Dowan
  5331 | D:6      | Killed Dowan
  5482 | D:6      | Noticed Eustachio
  5579 | D:6      | Killed Eustachio
  5668 | D:6      | Reached skill level 8 in Shields
  5824 | D:6      | Noticed Ijyb
  5869 | D:7      | Found a glowing golden altar of the Shining One.
  6003 | D:7      | HP: 1/70 [warg (4)]
  6004 | D:7      | Slain by a warg

Action                   |  1- 3 |  4- 6 |  7- 9 || total
-------------------------+-------+-------+-------++-------
Melee: Trident           |   142 |   222 |   158 ||   522
       Spear             |       |       |   238 ||   238
Throw: Throwing net      |       |     2 |     2 ||     4
Invok: Vitalisation      |       |       |     1 ||     1
 Abil: Evoke Berserk Rag |       |     1 |       ||     1
  Use: Potion            |       |     3 |     3 ||     6
       Scroll            |       |       |     4 ||     4
 Stab: Held in net/web   |       |       |     1 ||     1
  Eat: Bread ration      |     1 |     2 |     1 ||     4
